 Dungeon Crawl Stone Soup version 0.17.0-24-gcfadda4 (webtiles) character file.

2979 Avanven the Transmogrifier (level 9, -3/59 HPs)
             Began as a Merfolk Transmuter on Nov 18, 2015.
             Slain by a killer bee (8 damage)
             ... on level 7 of the Dungeon.
             The game lasted 00:33:21 (8277 turns).

Avanven the Transmogrifier (Merfolk Transmuter)     Turns: 8277, Time: 00:33:21

Health: -3/59      AC:  3    Str:  8 (10) XL:     9   Next: 82%
Magic:  11/15      EV: 15    Int: 14 (15) God:
Gold:   379        SH:  0    Dex: 15      Spells: 3 memorised, 7 levels left

rFire  . . .     SeeInvis +       - Unarmed
rCold  . . .     Clarity  .     b - +0 robe
rNeg   . . .     SustAt   .     (shield currently unavailable)
rPois  .         Gourm    .     (no helmet)
rElec  .         Spirit   .     w - +0 cloak
rCorr  .         Warding  .     (gloves currently unavailable)
rMut   .         Stasis   .     (no boots)
MR     .....                    l - amulet of rage
Stlth  +.........               (no ring)
                                h - ring of see invisible

@: lethally poisoned (-3 -> -8), blade hands (expiring), not resistant to
hostile enchantments, very unstealthy
A: change form in water, swift swim, deterioration 1, screaming 1
a: End Transformation, Evoke Berserk Rage


You were on level 7 of the Dungeon.
You were hungry.
You had blades for hands.
You visited 2 branches of the dungeon, and saw 9 of its levels.

You collected 379 gold pieces.

Inventory:

Armour
 b - a +0 robe (worn)
 g - a +1 pair of gloves (melded)
 j - a +0 helmet
 w - a +0 cloak (worn)
Jewellery
 h - a ring of see invisible (left scythe-like blade)
 l - an amulet of rage (around neck)
 y - an uncursed ring of fire
Wands
 i - a wand of fireball (9)
Scrolls
 e - 4 scrolls of identify
 k - 2 scrolls of amnesia
 p - a scroll of teleportation {unknown}
 r - a scroll of blinking
 s - 2 scrolls of fear
 t - a scroll of enchant weapon
Potions
 f - a potion of flight
 m - a potion of might
 A - a potion of agility
Books
 c - a book of Changes

   Spells                             Type                      Level
   a - Beastly Appendage              Transmutation                1
   b - Sticks to Snakes               Transmutation                2
   c - Spider Form                    Transmutation/Poison         3
   d - Ice Form                       Ice/Transmutation            4
   e - Blade Hands                    Transmutation                5
Comestibles
 a - 2 fruits
 d - 5 bread rations
 o - a royal jelly
 v - 3 meat rations
 B - a beef jerky


   Skills:
 - Level 1.1 Fighting
 + Level 5.4 Dodging
 * Level 9.9 Unarmed Combat
 + Level 4.0 Spellcasting
 - Level 11.4 Transmutations


You had 7 spell levels left.
You knew the following spells:

 Your Spells              Type           Power        Failure   Level  Hunger
a - Beastly Appendage     Trmt           ####..       10%         1    None
b - Spider Form           Trmt/Pois      ###.......   41%         3    ###....
c - Blade Hands           Trmt           ####......   41%         5    ######.


Dungeon Overview and Level Annotations

Branches:
Dungeon (8/15)             Temple (1/1) D:4
   Lair: D:8-11

Altars:
Ashenzari
Cheibriados
Dithmenos
Elyvilon
Fedhas
Gozag
Kikubaaqudgha
Makhleb
Nemelex Xobeh
Okawaru
Qazlal
Ru
Vehumet
Yredelemnul
Zin
The Shining One


Innate Abilities, Weirdness & Mutations

You revert to your normal form in water.
You are very nimble and swift while swimming.
Your body sometimes deteriorates upon taking damage.
You occasionally shout uncontrollably at your foes.


Message History

You hit the killer bee but do no damage.
The killer bee is almost dead.
The killer bee completely misses you. The killer bee stings you.
* * * LOW HITPOINT WARNING * * *
You are poisoned.
The killer bee poisons you!
You barely miss the killer bee.
The killer bee is almost dead.
You feel sick. The killer bee stings you.
* * * LOW HITPOINT WARNING * * *
The killer bee closely misses you.
You closely miss the killer bee.
The killer bee is almost dead.
* * * LOW HITPOINT WARNING * * *
You feel sick. The killer bee stings you.
* * * LOW HITPOINT WARNING * * *
You miss the killer bee.
The killer bee is almost dead.
The killer bee stings you!
You die... ##.### ## #... #..# # ##... #.## # ....# #.# # ...# #.## ## #..# ##.# #. yZ#

#.## ###. ##y#
##..###... #.@#
##...##.... ##..#
##...##....#
###...##
##..####..###
######......###..##
#..#
#...............##
#..#
#...............#
##.#
###......########
##.# ##...### #..#
##### #..#


You could see 2 killer bees and a giant frog zombie.

Vanquished Creatures
  Pikel (D:6)
  The ghost of ontamu the Grappler, a novice VSMo (D:5)
  Prince Ribbit (D:6)
  A hippogriff (D:8)
  Edmund (D:5)
  2 centaurs (D:6)
  The ghost of Arkorax the Covert, an amateur VSAs (D:4)
  Duvessa (D:6)
  A black bear (D:8)
  A water moccasin (D:5)
  A phantom (D:4)
  A sky beast (D:6)
  An ogre (D:7)
  2 slaves (D:6)
  A wyvern skeleton (D:6)
  Dowan (D:6)
  A scorpion (D:6)
  2 killer bees (D:7)
  4 orc wizards
  2 orc priests (D:7)
  3 hounds
  A jelly (D:6)
  5 worker ants
  2 iguanas (D:6)
  2 hound zombies
  A hound skeleton (D:6)
  13 adders
  An ooze (D:3)
  4 worms
  3 giant geckos
  34 orcs
  6 bats
  11 giant cockroaches
  8 hobgoblins
  9 jackals
  2 kobolds (D:2)
  2 quokkas
  3 ball pythons
  A giant gecko skeleton (D:4)
  3 giant newts
  11 goblins
  6 rats
158 creatures vanquished.

Vanquished Creatures (others)
  2 slaves (D:6)
2 creatures vanquished.

Grand Total: 160 creatures vanquished

Notes
Turn   | Place    | Note
--------------------------------------------------------------
     0 | D:1      | Avanven the Merfolk Transmuter began the quest for the Orb.
     0 | D:1      | Reached XP level 1. HP: 15/15 MP: 3/3
   326 | D:1      | Reached XP level 2. HP: 16/21 MP: 3/5
  1062 | D:2      | Reached skill level 4 in Unarmed Combat
  1062 | D:2      | Reached XP level 3. HP: 14/26 MP: 4/6
  1260 | D:2      | Learned a level 3 spell: Spider Form
  1597 | D:2      | Found an iron altar of Okawaru.
  1698 | D:2      | Found an ancient bone altar of Kikubaaqudgha.
  1783 | D:2      | Reached XP level 4. HP: 27/32 MP: 5/7
  1843 | D:2      | Found a basalt altar of Yredelemnul.
  2403 | D:2      | Reached skill level 5 in Transmutations
  2537 | D:3      | Reached XP level 5. HP: 37/37 MP: 5/8
  2710 | D:3      | Found a glowing golden altar of the Shining One.
  2875 | D:3      | Found a faded altar to an unknown god.
  2968 | D:3      | Reached skill level 5 in Unarmed Combat
  3240 | D:3      | Reached skill level 6 in Transmutations
  3253 | D:3      | Reached XP level 6. HP: 30/43 MP: 4/9
  3495 | D:4      | Noticed Arkorax's ghost (amateur VSAs)
  3514 | D:4      | Killed Arkorax's ghost
  3514 | D:4      | Reached skill level 7 in Transmutations
  3693 | D:4      | Reached XP level 7. HP: 15/48 MP: 10/10
  3935 | D:4      | Reached skill level 8 in Transmutations
  4409 | D:4      | Found a staircase to the Ecumenical Temple.
  4448 | Temple   | Entered the Ecumenical Temple
  4850 | D:5      | Entered Level 5 of the Dungeon
  4850 | D:5      | Noticed ontamu's ghost (novice VSMo)
  4933 | D:5      | Learned a level 5 spell: Blade Hands
  5130 | D:5      | You fall through a shaft for 3 floors!
  5141 | D:8      | Noticed a hippogriff
  5153 | D:8      | Killed a hippogriff
  5168 | D:8      | Reached skill level 9 in Transmutations
  5502 | D:6      | Noticed Pikel
  5509 | D:6      | Noticed Prince Ribbit
  5555 | D:5      | Reached XP level 8. HP: 18/54 MP: 5/11
  5783 | D:5      | Killed ontamu's ghost
  5783 | D:5      | Reached skill level 10 in Transmutations
  5865 | D:5      | Noticed Edmund
  5873 | D:5      | Killed Edmund
  6568 | D:6      | Reached skill level 11 in Transmutations
  6570 | D:6      | Killed Prince Ribbit
  6794 | D:6      | Killed Pikel
  6794 | D:6      | Reached XP level 9. HP: 40/59 MP: 6/13
  7274 | D:6      | Gained mutation: You occasionally shout uncontrollably at your foes. [potion of mutation]
  7274 | D:6      | Gained mutation: Your body sometimes deteriorates upon taking damage. [potion of mutation]
  7506 | D:6      | Noticed Duvessa
  7509 | D:6      | Noticed Dowan
  7513 | D:6      | Killed Duvessa
  7517 | D:6      | Killed Dowan
  7598 | D:6      | Reached skill level 5 in Dodging
  8277 | D:7      | Slain by a killer bee

Action                   |  1- 3 |  4- 6 |  7- 9 || total
-------------------------+-------+-------+-------++-------
Melee: Unarmed           |   120 |   174 |   261 ||   555
 Cast: Beastly Appendage |    22 |    12 |     8 ||    42
       Spider Form       |       |    19 |    16 ||    35
       Blade Hands       |       |       |    15 ||    15
 Abil: End Transformatio |       |       |     1 ||     1
  Use: Scroll            |     3 |     1 |    11 ||    15
       Potion            |     2 |     1 |    13 ||    16
 Stab: Sleeping          |     3 |       |       ||     3
       Distracted        |       |     1 |       ||     1
  Eat: Chunk             |     3 |    10 |    13 ||    26
       Meat ration       |       |       |     1 ||     1
       Bread ration      |       |       |     1 ||     1
